 Dungeon Crawl Stone Soup version 0.20.0-8-g6b59dc7 (webtiles) character file.

135 4thArraOfDagon the Chopper (level 4, 7/42 HPs)
             Began as a Deep Dwarf Monk on June 1, 2017.
             Starved to death
             ... on level 7 of the Dungeon.
             The game lasted 00:05:42 (891 turns).

4thArraOfDagon the Chopper (Deep Dwarf Monk)         Turns: 891, Time: 00:05:42

Health: 7/42       AC:  9    Str: 14    XL:     4   Next: 97%
Magic:  3/3        EV:  7    Int: 12    God:
Gold:   136        SH:  0    Dex: 15    Spells: 3/3 levels left

rFire    + . .     SeeInvis .   l - +0 hand axe (vamp)
rCold    . . .     Gourm    .   (no shield)
rNeg     . . .     Faith    .   j - +1 chain mail
rPois    .         Spirit   .   (no helmet)
rElec    .         Reflect  .   (no cloak)
rCorr    .         Harm     .   (no gloves)
MR       .....                  (no boots)
Stlth    ..........             (no amulet)
Regen    0.0/turn               f - ring of loudness
MPRegen  0.1/turn               (no ring)

@: berserk cooldown, fainting, non-regenerating
A: damage resistance, heal wounds, fire resistance 1, sense surroundings 1, no
regeneration
a: Heal Wounds


You were on level 7 of the Dungeon.
You were fainting.

You visited 1 branch of the dungeon, and saw 7 of its levels.

You collected 136 gold pieces.

Inventory:

Hand Weapons
 a - a +0 hand axe
 k - a cursed -1 hand axe
 l - a +0 vampiric hand axe (weapon)
Armour
 b - a +0 robe
 j - a +1 chain mail (worn)
Jewellery
 f - a ring of loudness (left hand)
Scrolls
 g - a scroll of enchant armour
 h - a scroll of noise
Potions
 e - a potion of flight
 i - a potion of mutation
Books
 m - a book of Callings

   Spells                             Type                      Level
   a - Summon Small Mammal            Summoning                    1
   b - Call Imp                       Summoning                    2
   c - Call Canine Familiar           Summoning                    3
   d - Summon Guardian Golem          Hexes/Summoning              3
   e - Summon Lightning Spire         Summoning/Air                4
   f - Summon Ice Beast               Ice/Summoning                4


   Skills:
 + Level 3.5 Fighting
 * Level 5.0 Axes
 + Level 0.7 Armour
 - Level 4.0 Dodging
 - Level 2.4 Stealth


You had 3 spell levels left.
You didn't know any spells.

Dungeon Overview and Level Annotations

Branches:
Dungeon (7/15)
 Temple: D:4-7

Altars:
Sif Muna

Annotations:
D:3 Natasha
D:7 Dowan, Duvessa


Innate Abilities, Weirdness & Mutations

You are resistant to damage.
You can heal yourself by infusing magical energy.
You passively map a small area around you.
You do not regenerate.
Your flesh is heat resistant. (rF+)


Message History

The hungry ghost hits you.
You feel slightly more hungry.
You closely miss the hungry ghost.
The hungry ghost is almost destroyed.
The hungry ghost hits you.
You feel slightly more hungry.
You miss the hungry ghost.
The hungry ghost is almost destroyed.
The hungry ghost barely misses you.
You hit the hungry ghost.
The hungry ghost is almost destroyed.
The hungry ghost hits you.
You feel slightly more hungry.
You barely miss the hungry ghost.
The hungry ghost is almost destroyed.
The hungry ghost hits you.
You feel slightly more hungry.
You closely miss the hungry ghost.
The hungry ghost is almost destroyed.
The hungry ghost hits you.
You hit the hungry ghost but do no damage.
The hungry ghost is almost destroyed.
You have starved to death.
You die...

..8...8..#
* *
.........)
, ,, ,
....8.....
* , ,
.>.....<..
,
,....8.....
..........
*
*..8...8..#
* **,
########
#.......##
, , ,
#.@W...#
###.###.# *
#.####.# #.
#.#
#.#..<.# #
*..#,
#.#....# *
#.##.#.# #.
..#.#
######.. ,
* ####


You could see a hungry ghost.

Vanquished Creatures
  A hound (D:6)
  A gnoll shaman (D:4)
  3 gnolls (D:4)
  4 adders
  A bat (D:1)
  A giant cockroach (D:1)
  A hobgoblin (D:2)
  A kobold (D:1)
  A quokka (D:5)
  3 frilled lizards
  A leopard gecko skeleton (D:5)
18 creatures vanquished.

Notes
Turn   | Place    | Note
-------+----------+-------------------------------------------
     0 | D:1      | 4thArraOfDagon the Deep Dwarf Monk began the quest for the Orb.
     0 | D:1      | Reached XP level 1. HP: 20/20 MP: 1/1
   277 | D:3      | Noticed a quasit
   304 | D:3      | Gained mutation: You have an increased reservoir of magic. (+10% MP) [potion of mutation]
   304 | D:3      | Lost mutation: You have an increased reservoir of magic. (+10% MP) [potion of mutation]
   304 | D:3      | Gained mutation: Your flesh is heat resistant. (rF+) [potion of mutation]
   378 | D:4      | Reached XP level 2. HP: 14/27 MP: 2/2
   433 | D:4      | Reached skill level 4 in Axes
   433 | D:4      | Reached XP level 3. HP: 21/34 MP: 3/3
   466 | D:4      | HP: 1/34 [gnoll (3)]
   486 | D:4      | Reached XP level 4. HP: 32/42 MP: 4/4
   505 | D:4      | Found a deep blue altar of Sif Muna.
   515 | D:3      | Noticed Natasha
   627 | D:5      | Entered Level 5 of the Dungeon
   731 | D:7      | Noticed Dowan
   733 | D:7      | Noticed Duvessa
   773 | D:6      | Noticed a sky beast
   793 | D:6      | Reached skill level 5 in Axes
   803 | D:6      | Noticed an orc warrior
   840 | D:6      | Noticed an ice beast
   846 | D:7      | Noticed a hungry ghost
   891 | D:7      | Starved to death

Skill      XL: |  1  2  3  4 |
---------------+-------------+-----
Fighting       | 3 |  3.5
Axes           | 4 5 |  5.0
Dodging        | 4 |  4.0
Armour         | |  0.7
Stealth        | |  2.4

Action                   |  1- 3 |  4- 6 || total
-------------------------+-------+-------++-------
Melee: Hand axe          |    56 |    91 ||   147
 Abil: Heal Wounds       |     4 |     2 ||     6
  Use: Potion            |     6 |     1 ||     7
       Scroll            |       |     6 ||     6
  Eat: Meat ration       |       |     1 ||     1
       Bread ration      |       |     1 ||     1
Armor: Robe              |     7 |     4 ||    11
       Chain mail        |       |    62 ||    62
Dodge: Dodged            |   107 |    32 ||   139
